 Dungeon Crawl Stone Soup version 0.25-a0-577-ga4619f409e (webtiles) character file.

Game seed: 8005476042738899459, levelgen mode: deterministic

87 An17 the Sneak (level 4, -2/24 HPs)
             Began as a Vampire Enchanter on Mar 2, 2020.
             Slain by a gnoll
             ... wielding a +0 whip
              (9 damage)
             ... on level 2 of the Dungeon.
             The game lasted 00:07:03 (1414 turns).

An17 the Sneak (Vampire Enchanter)                  Turns: 1414, Time: 00:07:04

Health: -2/24      AC:  3    Str:  7    XL:     4   Next: 28%
Magic:  1/7        EV: 13    Int: 18    God:
Gold:   57         SH:  0    Dex: 14    Spells: 2/7 levels left

rFire    . . .     SeeInvis +   h - +1 dagger (vamp)
rCold    + + .     Gourm    .   (no shield)
rNeg     + + +     Faith    .   b - +0 robe
rPois    ∞         Spirit   .   (no helmet)
rElec    .         Reflect  .   (no cloak)
rCorr    .         Harm     .   e - +0 pair of gloves
MR       +....                  (no boots)
Stlth    +++++.....             a - amulet of the acrobat
HPRegen  0.00/turn              k - ring of protection from magic
MPRegen  0.10/turn              (no ring)

@: bloodless
A: no food, fangs 3, see invisible, unbreathing
a: Bat Form, Revivify


You were on level 2 of the Dungeon.
You were bloodless.

You visited 1 branch of the dungeon, and saw 3 of its levels.

You collected 57 gold pieces.

Inventory:

Hand Weapons
 g - a +1 dagger of draining
 h - a +1 vampiric dagger (weapon)
Missiles
 f - 16 poisoned darts (quivered)
Armour
 b - a +0 robe (worn)
 e - a +0 pair of gloves (worn)
Jewellery
 a - an amulet of the acrobat (around neck)
 k - a ring of protection from magic (left hand)
Scrolls
 i - a scroll of blinking
 j - a scroll of remove curse
Potions
 c - 2 potions of curing {unknown}
 d - 2 potions of heal wounds


   Skills:
 + Level 0.2 Fighting
 + Level 1.6 Short Blades
 + Level 2.5 Dodging
 + Level 5.8 Stealth
 + Level 2.3 Spellcasting
 + Level 5.3 Hexes
 + Level 1.0 Ice Magic


You had 2 spell levels left.
You knew the following spells:

 Your Spells              Type           Power        Failure   Level  Hunger
a - Confusing Touch       Hex            ###.....     6%          3    N/A
b - Ensorcelled Hibernat  Hex/Ice        ##....       7%          2    N/A

Your spell library contained the following spells:

 Spells                   Type           Power        Failure   Level  Hunger
 Corona                   Hex            ###....      1%          1    N/A
 Tukima's Dance           Hex            ###.....     6%          3    N/A
 Dazzling Flash           Conj/Hex       ##....       19%         3    N/A

Dungeon Overview and Level Annotations

Branches:
Dungeon (3/15)

Altars:
Fedhas

Annotations:
D:2 exclusion: oklob plant


Innate Abilities, Weirdness & Mutations

You do not eat.
You do not regenerate when monsters are visible.
You are frail without blood (-20% HP).
You can heal yourself when you bite living creatures.
You are immune to poison.
You have razor-sharp teeth.
You have supernaturally acute eyesight. (SInv)
You can survive without breathing.


Message History

You barely miss the gnoll.
The gnoll is lightly wounded.
The gnoll misses you.
You hit the gnoll.
You feel better.
The gnoll is moderately wounded.
The gnoll hits you with a +0 whip.
You hit the gnoll but do no damage.
The gnoll is moderately wounded.
The gnoll hits you with a +0 whip!
* * * LOW HITPOINT WARNING * * *
The gnoll completely misses you.
You see here a ration.
Casting: Ensorcelled Hibernation (safe; 7% risk of failure)
Confirm with . or Enter, or press ? or * to list all spells.
Aiming: Ensorcelled Hibernation (safe; 7% risk of failure)
Press: ? - help, Shift-Dir - straight line, f/p - gnoll
Aim: a gnoll, wielding a +0 whip (moderately wounded, chance to defeat MR: 52%)
The gnoll resists with significant effort.
The gnoll hits you with a +0 whip!
You die...

)............##...#.....## #...
....##...######......##..#####...
######.....##...#..#.............
# #...........#.......######...
#####...........##......# #...
##>..%..........##.#....# #..>
#..###...........#......# ####
.............%..........##
.#####.........g@........#####
..####........<...#..........#
........#########............####
...######### #........#........#
...........# #........#...#.#..#
.###...###.####........#.......<.
## ###.................#.........
# ##########........#......... #
#........####.#####


You could see a gnoll.

Vanquished Creatures
  2 adders
  A gnoll (D:3)
  2 worms
  3 leopard geckos
  An orc (D:3)
  2 giant cockroaches
  5 goblins
  4 hobgoblins
  4 jackals
  6 kobolds
  5 bats
  7 frilled lizards
  12 rats
54 creatures vanquished.

Notes
Turn   | Place    | Note
-------+----------+-------------------------------------------
     0 | D:1      | An17 the Vampire Enchanter began the quest for the Orb.
     0 | D:1      | Reached XP level 1. HP: 13/13 MP: 3/3
    91 | D:1      | You fall into a shaft and drop 1 floor!
    95 | D:2      | Reached XP level 2. HP: 19/19 MP: 5/5
    99 | D:2      | Learned a level 2 spell: Ensorcelled Hibernation
   210 | D:1      | Reached skill level 5 in Stealth
   218 | D:1      | Reached skill level 5 in Hexes
   501 | D:1      | Reached XP level 3. HP: 19/19 MP: 6/6
   506 | D:1      | Learned a level 3 spell: Confusing Touch
  1010 | D:2      | Reached XP level 4. HP: 24/24 MP: 2/7
  1069 | D:2      | Found a blossoming altar of Fedhas.
  1081 | D:2      | Noticed an oklob plant
  1235 | D:2      | Reached skill level 1 in Ice Magic
  1414 | D:2      | Slain by a gnoll

Levels and vault maps discovered:
D:1:      tarquinn_simple_flora_water_e, layout_basic, minmay_cut_off
D:2:      layout_rooms, tgw_fedhas
D:3:      layout_loops_cross, nemelex_spade_bored_becter

Skill      XL: |  1  2  3  4 |
---------------+-------------+-----
Stealth        | 5 |  5.8
Hexes          | 5 |  5.3
Ice Magic      | 1 |  1.0
Fighting       | |  0.2
Short Blades   | |  1.6
Dodging        | |  2.5
Spellcasting   | |  2.3

Action                   |  1- 3 |  4- 6 || total
-------------------------+-------+-------++-------
Melee: Dagger            |    98 |    29 ||   127
       Bite              |     5 |     1 ||     6
 Cast: Corona            |     1 |       ||     1
       Ensorcelled Hiber |     9 |     5 ||    14
 Abil: Exsanguinate      |     1 |       ||     1
  Use: Scroll            |     5 |     2 ||     7
 Stab: Sleeping          |    29 |     6 ||    35
Armor: Robe              |    19 |     7 ||    26
Dodge: Dodged            |    86 |    21 ||   107

Table legend:
 A = Non-vault XP
 B = Vault XP
 C = Vault XP percentage of total XP
 D = Non-vault monster count
 E = Vault monster count
 F = Vault count percentage of total count
                 A         B        C        D         E       F
            +---------+---------+-------+---------+---------+-------
      Total |     119 |       6 |   4.8 |      51 |       3 |   5.6
            +---------+---------+-------+---------+---------+-------
        D:1 |      57 |       6 |   9.5 |      29 |       3 |   9.4
        D:2 |      46 |       0 |   0.0 |      20 |       0 |   0.0
        D:3 |      16 |       0 |   0.0 |       2 |       0 |   0.0
            +---------+---------+-------+---------+---------+-------
